 Dungeon Crawl Stone Soup version 0.31-a0-196-g86fe4a5e66 (webtiles) character file.

Game seed: 16823554299226260237

621156 holysushi the Sorcerer (level 26, -2/206 HPs)
             Began as a Mummy Necromancer on June 22, 2023.
             Was an Initiate of Gozag.
             Slain by a lorocyproca (5 damage)
             ... while petrified by you
             ... on level 3 of the Abyss on June 24, 2023.
             The game lasted 04:31:09 (100044 turns).

holysushi the Sorcerer (Mummy Necromancer)        Turns: 100044, Time: 04:31:09

Health: -2/206     AC: 17    Str:  5    XL:     26   Next: 52%
Magic:  0/63       EV:  2    Int: 27    God:    Gozag
Gold:   1787       SH:  0    Dex: 38    Spells: 11/78 levels left

rFire   + + +        P - +3 Elemental Staff {rElec rF+ rC+ AC+3}
rCold   + + +        b - +3 buckler {AC+3}
rNeg    + + +        O - +2 robe {rF+}
rPois   ∞            D - +3 hat of Pondering {ponderous, Will+ MP+10 Int+5}
rElec   +            q - scarf {shadows}
rCorr   +            A - +1 pair of gloves "Hujoeh" {Int+2 Dex+3}
SInv    +            W - +1 pair of boots of Weirdness {rPois rN+ Int+2}
Will    ++++.        S - amulet "Avvih" {Rampage rC+ Regen+ Str-4 Dex+3}
Stlth   +++++++      c - ring "Qen Goch" {Wiz Contam rCorr Int+3 Dex+8}
HPRegen 1.34/turn    a - ring of Kucwotio {rPois rF++ rC+ Str-2 SInv}
MPRegen 0.38/turn

%: rampage, faith, wizardry (x1)
@: agile, petrified, studying 2 skills, slow
A: cold resistance 1, negative energy resistance 3, torment resistance 2, heat
vulnerability 1, in touch with death 2, no potions, faith
}: 4/15 runes: decaying, serpentine, slimy, silver
a: Renounce Religion, Potion Petition, Call Merchant, Bribe Branch


You were on level 3 of the Abyss.
You worshipped Gozag.
Gozag was most pleased with you.
You visited 11 branches of the dungeon, and saw 51 of its levels.
You visited the Abyss 2 times.
You visited 1 bazaar.
You also visited: Bailey and Desolation.

You collected 32192 gold pieces.
You spent 8502 gold pieces at shops.
You paid 21903 gold pieces to Gozag.

Inventory:

Hand Weapons
 j - the +8 autumn katana {manifold assault}
   (You took it off a spriggan on level 2 of the Swamp)
 B - the +7 great mace "Firestarter" {flame, immolate, rFlCloud rF++}
   (You took it off a vault sentinel on level 5 of the Vaults)

   rFlCloud:  It grants immunity to clouds of flame.
   rF:        It greatly protects you from fire.
 P - the +3 Elemental Staff (weapon) {rElec rF+ rC+ AC+3}
   (You bought it in a shop on level 2 of the Orcish Mines)

   It enhances your fire, ice, earth and air magic.
   AC:        It affects your AC (+3).
   rF:        It protects you from fire.
   rC:        It protects you from cold.
   rElec:     It insulates you from electricity.
Missiles
 k - 7 throwing nets
Armour
 b - a +3 buckler of protection (worn)
 g - the +4 kite shield "Betea" {-Tele rCorr Str+2 Dex+4}
   (You took it off Donald on level 1 of the Swamp)

   Str:       It affects your strength (+2).
   Dex:       It affects your dexterity (+4).
   -Tele:     It prevents most forms of teleportation.
   rCorr:     It protects you from acid and corrosion.
 n - the +2 shield of Resistance {rF++ rC++ Will++}
   (You bought it in a shop on level 4 of the Vaults)

   rF:        It greatly protects you from fire.
   rC:        It greatly protects you from cold.
   Will:      It greatly increases your willpower.
 q - a scarf of shadows (worn)
 A - the +1 pair of gloves "Hujoeh" (worn) {Int+2 Dex+3}
   (You bought it in a shop on level 2 of the Lair of Beasts)

   Int:       It affects your intelligence (+2).
   Dex:       It affects your dexterity (+3).
 D - the +3 hat of Pondering (worn) {ponderous, Will+ MP+10 Int+5}
   (You took it off Gastronok on level 1 of the Lair of Beasts)

   Int:       It affects your intelligence (+5).
   MP:        It affects your magic capacity (+10).
   Will:      It increases your willpower.
 O - a +2 robe of fire resistance (worn)
 W - the +1 pair of boots of Weirdness (worn) {rPois rN+ Int+2}
   (You found it on level 3 of the Snake Pit)

   Int:       It affects your intelligence (+2).
   rPois:     It protects you from poison.
   rN:        It protects you from negative energy.
Magical Staves
 H - the staff "Taukaa Tiel" {rPois rN+ rCorr Str-3 Int+5 Necro}
   (You found it on level 3 of the Elven Halls)

   [staff of death]

   Base accuracy: +5 Base damage: 5 Base attack delay: 1.2 This weapon's minimum
   attack delay (0.6) is reached at skill level 12.
   Str:       It affects your strength (-3).
   Int:       It affects your intelligence (+5).
   rPois:     It protects you from poison.
   rN:        It protects you from negative energy.
   rCorr:     It protects you from acid and corrosion.
   Necro:     It increases the power of your Necromancy spells.
   It falls into the 'Staves' category.
   It is a one-handed weapon.
 K - the staff of the Tentacled God {Drain rPois Str+4 SInv Conj}
   (You found it on level 5 of the Lair of Beasts)

   [staff of conjuration]

   Base accuracy: +5 Base damage: 5 Base attack delay: 1.2 This weapon's minimum
   attack delay (0.6) is reached at skill level 12.
   Str:       It affects your strength (+4).
   rPois:     It protects you from poison.
   SInv:      It lets you see invisible.
   Drain:     It drains your maximum health when unequipped.
   Conj:      It increases the power of your Conjurations spells.
   It falls into the 'Staves' category.
   It is a one-handed weapon.
Jewellery
 a - the ring of Kucwotio (right hand) {rPois rF++ rC+ Str-2 SInv}
   (You took it off a deep elf master archer on level 3 of the Elven Halls)

   [ring of protection from cold]

   Str:       It affects your strength (-2).
   rF:        It greatly protects you from fire.
   rC:        It protects you from cold.
   rPois:     It protects you from poison.
   SInv:      It lets you see invisible.
 c - the ring "Qen Goch" (left hand) {Wiz Contam rCorr Int+3 Dex+8}
   (You acquired it on level 1 of the Dungeon)

   [ring of wizardry]

   It improves your spell success rate.
   Int:       It affects your intelligence (+3).
   Dex:       It affects your dexterity (+8).
   Contam:    It causes magical contamination when unequipped.
   rCorr:     It protects you from acid and corrosion.
 h - a +6 ring of intelligence
 o - a +6 ring of dexterity
 x - the ring "Zetz" {Fire +Blink}
   (You found it in the Desolation of Salt)

   [ring of fire]

   It enhances your fire magic.
   rF:        It protects you from fire.
   rC:        It makes you vulnerable to cold.
   +Blink:    It lets you blink.
 N - an amulet of regeneration
 Q - the amulet of the Rabble {Reflect Will+ SH+5}
   (You acquired it on level 12 of the Dungeon)

   [amulet of reflection]

   It reflects blocked missile attacks.
   SH:        It affects your SH (+5).
   Will:      It increases your willpower.
 S - the amulet "Avvih" (around neck) {Rampage rC+ Regen+ Str-4 Dex+3}
   (You found it on level 2 of the Abyss)

   [amulet of regeneration]

   Str:       It affects your strength (-4).
   Dex:       It affects your dexterity (+3).
   rC:        It protects you from cold.
   Regen:     It increases your rate of health regeneration.
   Rampage:   It bestows one free step when moving towards enemies.
Wands
 d - a wand of flame (52)
 m - a wand of quicksilver (37)
 r - a wand of paralysis (77)
 t - a wand of mindburst (20)
 v - a wand of polymorph (26)
 y - a wand of digging (13)
 C - a wand of roots (70)
Scrolls
 f - 2 scrolls of brand weapon
 i - 3 scrolls of amnesia
 l - 32 scrolls of identify
 p - 5 scrolls of immolation
 s - 12 scrolls of revelation
 u - 11 scrolls of noise
 w - 11 scrolls of teleportation
 z - 10 scrolls of fog
 E - 4 scrolls of blinking
 F - 3 scrolls of torment
 G - 7 scrolls of poison
 I - a scroll of silence
 J - 6 scrolls of enchant weapon
 L - 4 scrolls of summoning
 M - 6 scrolls of vulnerability
 V - 9 scrolls of fear
 X - 7 scrolls of enchant armour
Miscellaneous
 e - a lightning rod (4/4)
 R - a condenser vane
 U - a phantom mirror


   Skills:
 + Level 16.5 Fighting
 - Level 6.0 Short Blades
 - Level 5.0 Armour
 + Level 22.0 Dodging
 - Level 12.9 Stealth
 + Level 5.6 Shields
 - Level 26.9 Spellcasting
 + Level 13.5 Conjurations
 - Level 1.0 Hexes
 - Level 10.0 Summonings
 + Level 8.3 Necromancy
 - Level 3.0 Transmutations
 - Level 2.0 Ice Magic
 + Level 15.4 Air Magic
 + Level 6.2 Earth Magic
 - Level 4.0 Evocations


You had 11 spell levels left.
You knew the following spells:

 Your Spells              Type           Power      Damage    Failure   Level
a - Maxwell's Capacitive  Air            54%        ∞         6%          8
b - Spellforged Servitor  Conj/Summ      39%        N/A       3%          7
c - Death Channel         Necr           55%        N/A       2%          6
d - Freezing Cloud        Conj/Ice/Air   59%        6-21      1%          5
e - Irradiate             Conj/Tmut      34%        3d23      1%          5
f - Dispel Undead         Necr           100%       3d31      1%          4
g - Yara's Violent Unrav  Hex/Tmut       23%        3d10      6%          5
h - Leda's Unmaking       Conj/Erth      47%        9d8       1%          6
i - Vampiric Draining     Necr           100%       2d13      1%          3
j - Borgnjor's Vile Clut  Necr/Erth      65%        N/A       1%          5
k - Lee's Rapid Deconstr  Erth           40%        3d20*     1%          5
m - Lehudib's Crystal Sp  Conj/Erth      47%        10d11     47%         8

Your spell library contained the following spells:

 Spells                   Type           Power      Damage    Failure   Level
 Kiss of Death            Conj/Necr      100%       2d13      0%          1
 Magic Dart               Conj           100%       1d8       0%          1
 Shock                    Conj/Air       100%       1d9       0%          1
 Searing Ray              Conj           100%       2d8       0%          2
 Swiftness                Air            100%       N/A       0%          3
 Airstrike                Air            54%        2d(8-24)  0%          4
 Freeze                   Ice            100%       1d10      1%          1
 Necrotise                Necr           100%       1d9       1%          1
 Slow                     Hex            100%       N/A       1%          1
 Sting                    Tmut/Pois      100%       1d8       1%          1
 Blink                    Tloc           72%        N/A       1%          2
 Call Imp                 Summ           100%       N/A       1%          2
 Cigotuvi's Dreadful Rot  Necr/Pois/Air  100%       N/A       1%          2
 Ensorcelled Hibernation  Hex/Ice        100%       N/A       1%          2
 Lesser Beckoning         Tloc           72%        N/A       1%          2
 Momentum Strike          Conj/Tloc      100%       3d10      1%          2
 Poisonous Vapours        Pois/Air       100%       N/A       1%          2
 Confusing Touch          Hex            41%        N/A       1%          3
 Dazzling Flash           Conj/Hex       100%       N/A       1%          3
 Frozen Ramparts          Ice            100%       1d16      1%          3
 Gell's Gravitas          Tloc           36%        N/A       1%          3
 Hailstorm                Conj/Ice       87%        3d17      1%          3
 Ignite Poison            Fire/Tmut/Pois 58%        N/A       1%          3
 Mephitic Cloud           Conj/Pois/Air  93%        N/A       1%          3
 Ozocubu's Armour         Ice            63%        N/A       1%          3
 Portal Projectile        Hex/Tloc       78%        N/A       1%          3
 Summon Guardian Golem    Hex/Summ       60%        N/A       1%          3
 Teleport Other           Tloc           36%        N/A       1%          3
 Tukima's Dance           Hex            41%        N/A       1%          3
 Vhi's Electric Charge    Tloc/Air       100%       N/A       1%          3
 Volatile Blastmotes      Fire/Tloc      100%       2d18      1%          3
 Anguish                  Hex/Necr       47%        N/A       1%          4
 Animate Armour           Summ/Erth      100%       N/A       1%          4
 Fulminant Prism          Conj/Hex       33%        3d16      1%          4
 Iskenderun's Mystic Bla  Conj/Tloc      64%        2d13      1%          4
 Leda's Liquefaction      Hex/Erth       35%        N/A       1%          4
 Petrify                  Tmut/Erth      75%        N/A       1%          4
 Sticky Flame             Conj/Fire      83%        2d9       1%          4
 Summon Ice Beast         Ice/Summ       80%        N/A       1%          4
 Summon Lightning Spire   Summ/Air       100%       N/A       1%          4
 Agony                    Necr           100%       N/A       1%          5
 Arcjolt                  Conj/Air       53%        1d63      1%          5
 Fireball                 Conj/Fire      41%        3d17      1%          5
 Iskenderun's Battlesphe  Conj           83%        2d13      1%          5
 Summon Forest            Summ/Tloc      29%        N/A       1%          5
 Summon Mana Viper        Hex/Summ       60%        N/A       1%          5
 Conjure Ball Lightning   Conj/Air       53%        3x3d18    1%          6
 Summon Cactus Giant      Summ           37%        N/A       1%          6
 Orb of Destruction       Conj           41%        9d11      1%          7
 Starburst                Conj/Fire      41%        6d12      4%          6
 Olgreb's Toxic Radiance  Pois           36%        N/A       5%          4
 Passage of Golubria      Tloc           36%        N/A       5%          4
 Alistair's Intoxication  Tmut/Pois      29%        N/A       8%          5
 Metabolic Englaciation   Hex/Ice        30%        N/A       8%          5
 Summon Hydra             Summ           37%        N/A       8%          7
 Eringya's Noxious Bog    Tmut/Pois      22%        N/A       38%         6
 Dispersal                Tloc           18%        N/A       58%         6
 Discord                  Hex            20%        N/A       100%        8
 Disjunction              Tloc           18%        N/A       100%        8
 Fire Storm               Conj/Fire      41%        8d11      100%        9
 Shatter                  Erth           40%        3d32*     100%        9
 Sublimation of Blood     Necr           Unusable   N/A       N/A         2
 Spider Form              Tmut/Pois      Unusable   N/A       N/A         3
 Animate Dead             Necr           Unusable   N/A       N/A         4
 Ice Form                 Ice/Tmut       Unusable   N/A       N/A         4
 Blade Hands              Tmut           Unusable   N/A       N/A         5
 Simulacrum               Ice/Necr       Unusable   N/A       N/A         6
 Statue Form              Tmut/Erth      Unusable   N/A       N/A         6
 Necromutation            Tmut/Necr      Unusable   N/A       N/A         8

Dungeon Overview and Level Annotations

Branches:
Dungeon (15/15) Zot: 23945  Temple (1/1) D:7 Zot: 5394    Lair (5/5) D:9 Zot: 14276
  Swamp (4/4) Lair:3 Zot: 17187   Snake (4/4) Lair:2 Zot: 16461   Slime (5/5) Lair:4 Zot: 21254
    Orc (2/2) D:10 Zot: 8260     Elf (3/3) Orc:2 Zot: 12049  Vaults (5/5) D:14 Zot: 14108
  Crypt (3/3) Vaults:2 Zot: 11195    Tomb (0/3) Crypt:3      Depths (4/4) D:15 Zot: 16639
    Zot (0/5) Depths:4     Bailey (visited)         Desolation (visited)

Altars:
Ashenzari
Cheibriados
Dithmenos
Fedhas
Gozag
Hepliaklqana
Kikubaaqudgha
Makhleb
Nemelex Xobeh
Okawaru
Qazlal
Sif Muna
Trog
Uskayaw
Vehumet
Wu Jian
Xom
Yredelemnul
Jiyva

Shops:
D:5 ?   D:9 :?*   D:10 ?[   D:14 :=   D:15 (*:   Orc:1 [   Orc:2 *(=[   Elf:1 !
Elf:2 !   Lair:2 [   Lair:4 ?   Snake:1 :   Snake:3 =:==   Snake:4 :
Vaults:1 *   Vaults:4 [   Depths:2 [   Depths:4 **=[:

Portals:
Hell: Depths:1 Depths:2 Depths:3 Depths:4
Abyss: Depths:2 Depths:3
Pandemonium: Depths:2
Ziggurat: Depths:2

Annotations:
D:4 exclusion: centaur
D:5 exclusions: door and 2 downstairs, Dowan, Duvessa
D:7 exclusions: 2 upstairs and 1 more exclusion
D:13 2 runed translucent doors, Puroamod's ghost, journeyman DsCj
Lair:5 exclusion: obsidian statue
Crypt:3 2 transporters, Weuw's ghost, adept GrFi


Innate Abilities, Weirdness & Mutations

You are immune to poison.
Your flesh is cold resistant. (rC+)
You are immune to negative energy. (rN+++)
You are immune to unholy pain and torment.
You are vulnerable to heat. (rF-)
You are strongly in touch with the powers of death.
You do not drink.
You have a special connection with the divine. (Faith)


Message History

You feel your power leaking away.
A starcursed mass splits.
The apocalypse crab is no longer distracted by gold.
The lorocyproca hits you!!!
You feel your power leaking away. The apocalypse crab bites you.
You feel agile all of a sudden. The apocalypse crab claws you!
The lorocyproca hits you but does no damage.
A starcursed mass splits.
A deafening chorus of shrieks assaults your mind!
The lorocyproca hits you!!!
You feel your power leaking away.
The apocalypse crab bites you but does no damage.
The apocalypse crab claws you!
* * * LOW HITPOINT WARNING * * *
You resist with almost no effort.
A deafening chorus of shrieks assaults your mind!
* * * LOW HITPOINT WARNING * * *
The lorocyproca hits you!!
* * * LOW HITPOINT WARNING * * *
The apocalypse crab bites you.
* * * LOW HITPOINT WARNING * * *
The apocalypse crab freezes you. You resist.
* * * LOW HITPOINT WARNING * * *
The apocalypse crab claws you but does no damage.
The lorocyproca hits you!
* * * LOW HITPOINT WARNING * * *
The lorocyproca hits you!!!
* * * LOW HITPOINT WARNING * * *
You feel your power leaking away.
The apocalypse crab bites you but does no damage.
The apocalypse crab claws you!
* * * LOW HITPOINT WARNING * * *
The apocalypse crab sears you!
* * * LOW HITPOINT WARNING * * *
You hear a roar!
The lorocyproca hits you!
You die...
Your body crumbles into a pile of gold.

.# ## # .. #
#.# .. . # .
####. ###.#X#
... #@#..#
###...##2tX##
.. ....9XX#.#
###...#.#XX##
e.##⌠####.##
*m ## §.. φ
.#..# ..$##.
X ..# ## .#.
# ... #. . #


You could see 5 starcursed masses, a lorocyproca (berserk, resistant,
invisible), an apocalypse crab and a friendly spellforged servitor (summoned).

Vanquished Creatures
  the Royal Jelly (Slime:5)
  Dissolution (Slime:2)
  2 dread liches (Vaults:5)
  2 ancient liches
  A juggernaut (Depths:2)
  Bai Suzhen (Depths:2)
  Frederick (Vaults:2)
  A caustic shrike (Depths:4)
  A golden dragon (Depths:4)
  Jory (Crypt:3)
  4 tentacled monstrosities
  2 liches
  3 titans
  2 quicksilver dragons (Vaults:5)
  2 deep elf blademasters (Elf:3)
  11 acid blobs
  A deep elf master archer (Elf:3)
  Frances (Snake:2)
  The ghost of Maeg the Wrestler, an adept TrMo of Jiyva (Snake:4)
  4 ancient champions
  4 sphinxes
  Gastronok (Lair:1)
  The ghost of Eboth the Blocker, an adept GnFi of Okawaru (Swamp:3)
  Agnes (Snake:2)
  A tengu reaver (Depths:3)
  Donald (Swamp:1)
  A fenstrider witch (Swamp:2)
  A thorn hunter (Swamp:4)
  A fenstrider witch (shapeshifter) (D:13)
  8 nagarajas (Snake:4)
  2 shadow dragons (Vaults:5)
  A revenant (Crypt:3)
  5 frost giants
  7 azure jellies
  15 rockslimes
  4 fire giants
  Aizul (Snake:2)
  The ghost of Naistiu the Spry, an adept DESu of Gozag (Swamp:2)
  9 vault wardens
  An iron dragon (Depths:2)
  2 imperial myrmidons (Desolation)
  2 curse skulls
  5 ghouls
  2 orc warlords
  A draconian annihilator (Depths:4)
  A cacodemon (Abyss:2)
  12 quicksilver oozes
  3 war gargoyles
  5 stone giants
  8 ironbound preservers
  A grey draconian (Depths:4)
  4 formless jellyfish
  16 very ugly things
  A green draconian (Depths:4)
  An eleionoma (Swamp:1)
  2 ironbound thunderhulks
  Nessos (D:13)
  11 vampire knights
  5 deep elf demonologists
  A halazid warlock (Desolation)
  5 spark wasps
  A spark wasp (shapeshifter) (Vaults:5)
  A purple draconian (Depths:4)
  7 dire elephants
  A bunyip (Swamp:4)
  4 deep elf annihilators (Elf:3)
  3 eidola
  A deep elf death mage (Crypt:1)
  6 ettins
  3 ragged hierophants (Desolation)
  A crystal guardian (Vaults:1)
  9 yaktaur captains
  6 great orbs of eyes
  An entropy weaver (shapeshifter) (Vaults:2)
  9 jiangshi
  A deep elf high priest (Vaults:1)
  3 fire dragons (Depths:4)
  A quicksilver dragon skeleton (Depths:2)
  3 spriggan zombies (Crypt:3)
  2 rakshasas
  19 hydras
  2 servants of whispers (Desolation)
  11 vault guards
  Erolcha (Orc:1)
  A radroach (shapeshifter) (Vaults:1)
  4 catoblepae
  A salamander tyrant (Snake:4)
  2 peacekeepers
  2 spriggan air magi (Depths:2)
  2 caustic shrike simulacra
  A death knight (Crypt:1)
  2 ironbound frosthearts
  2 spriggan skeletons
  8 centaur warriors
  7 alligators
  6 dancing weapons
  15 anacondas
  14 death yaks
  5 boulder beetles
  2 deep troll shamans
  9 naga warriors
  2 deep troll earth magi (Depths:1)
  A hell hog (Abyss:2)
  A tengu warrior (D:14)
  Urug (Orc:1)
  9 vampire magi
  2 orc high priests
  2 shock serpents
  3 spriggan berserkers (Depths:2)
  A thrashing horror (Abyss:2)
  10 naga sharpshooters
  4 deep elf knights
  Amaemon (Lair:3)
  2 shadow wraiths (Crypt:3)
  A fire crab (Swamp:4)
  A sun demon (Depths:4)
  A skyshark (Lair:5)
  A spatial maelstrom (Abyss:2)
  7 goliath frogs
  2 sixfirhies (Abyss:2)
  21 skeletal warriors
  A spectral anaconda (Lair:5)
  3 iron trolls
  2 flayed ghosts
  4 salamander mystics
  A goliath frog (shapeshifter) (D:15)
  28 deep trolls
  A glowing orange brain (Depths:3)
  7 naga ritualists
  2 spriggan druids
  7 swamp dragons
  4 orc knights
  7 harpies
  2 deep elf archers
  3 bog bodies
  4 wizards
  5 mana vipers
  A bunyip skeleton (Crypt:2)
  A fenstrider witch simulacrum (Crypt:2)
  7 ironbound convokers
  7 necromancers
  8 deep elf zephyrmancers
  19 ugly things
  4 deep elf pyromancers
  4 orc sorcerers (Orc:2)
  5 lindwurms
  18 phantasmal warriors
  4 manticores
  5 shining eyes
  2 moths of wrath (Swamp:3)
  3 cyclopes
  9 salamanders
  3 will-o-the-wisps
  29 elephants
  An iron dragon skeleton (Depths:1)
  The ghost of olddryhag the Sneak, a novice OpVM of Vehumet (D:7)
  3 dire elephant zombies
  A torpor snail (Lair:4)
  7 guardian serpents
  A torpor snail (shapeshifter) (Vaults:2)
  5 vault sentinels
  26 black mambas
  4 gargoyles
  An orange demon (Lair:3)
  A hellion (Abyss:2)
  10 naga magi
  A white draconian zombie (Crypt:3)
  2 freezing wraiths
  14 cane toads
  9 komodo dragons
  4 unseen horrors
  4 kobold demonologists
  22 yaktaurs
  4 rime drakes
  2 efreet (D:14)
  An anaconda simulacrum (Crypt:2)
  3 harpy zombies
  2 bloated husks
  9 tyrant leeches
  A hydra zombie (Crypt:2)
  5 trolls
  4 polar bears
  Prince Ribbit (D:5)
  3 raiju (Abyss:2)
  17 saltlings
  A harpy skeleton (Crypt:1)
  6 large abominations
  4 dream sheep (Lair:5)
  14 hornets
  A frost giant simulacrum (Depths:1)
  13 blink frogs
  34 slime creatures
  3 shadows
  A centaur simulacrum (Crypt:1)
  Sigmund (D:2)
  6 flying skulls (Crypt:2)
  8 wraiths
  13 spriggans
  10 wyverns
  A vampire (D:13)
  66 yaks
  9 nameless horrors
  3 small abominations
  A ynoxinul (Abyss:2)
  A black mamba skeleton (Crypt:1)
  3 steam dragons
  5 golden eyes
  7 basilisks
  2 death yak simulacra (Lair:5)
  10 vampire mosquitoes
  5 chaos spawn (Depths:2)
  Menkaure (D:7)
  A naga zombie (Crypt:3)
  37 nagas
  2 wargs
  11 swamp worms
  2 acid dragons
  13 water moccasins
  An entropy weaver zombie (Crypt:3)
  28 orc warriors
  5 swamp drakes
  7 black bears
  2 elephant zombies
  3 centaurs
  A black mamba simulacrum (Abyss:2)
  A hog zombie (Crypt:2)
  27 wolves
  10 ogres
  3 boggarts (Vaults:3)
  An elephant skeleton (Lair:5)
  8 kobold brigands
  5 bullfrogs
  2 gnoll sergeants
  3 scorpions
  A wyvern skeleton (Crypt:3)
  8 wights
  An elephant simulacrum (Lair:5)
  9 killer bees (D:9)
  4 howler monkeys
  A lava snake (Swamp:4)
  7 hounds
  2 jellies
  2 gnoll boudas
  16 orc priests
  5 sleepcaps
  12 starcursed masses
  A hell rat (D:14)
  2 iguanas (D:5)
  Ijyb (D:3)
  Natasha (thrice) (D:4)
  24 orc wizards
  A tengu zombie (Crypt:2)
  25 gnolls
  5 adders
  A shadow imp (Abyss:2)
  A white imp (D:6)
  An ufetubus (D:6)
  3 worms
  A dart slug (D:3)
  68 orcs
  6 endoplasms
  7 giant cockroaches
  A goblin (shapeshifter) (Vaults:5)
  13 goblins
  10 hobgoblins
  2 quokkas
  8 ball pythons
  A ball python skeleton (Crypt:1)
  6 bats
  4 frilled lizards
  45 kobolds
  6 rats
  A starspawn tentacle (Abyss:2)
1546 creatures vanquished.

Vanquished Creatures (collateral kills)
  A dread lich (Crypt:3)
  Xtahua (Vaults:5)
  A profane servitor (Abyss:2)
  A golden dragon (Depths:4)
  A bone dragon (Abyss:2)
  Jorgrun (Swamp:1)
  7 tentacled monstrosities
  3 liches
  Mlioglotl (Swamp:1)
  A deep elf master archer (Elf:3)
  16 acid blobs
  2 quicksilver dragons
  An Executioner (Abyss:2)
  An ancient champion (Crypt:1)
  4 titans (Vaults:5)
  10 tentacled starspawn (Abyss:2)
  5 sphinxes
  3 shadow dragons (Vaults:5)
  5 tengu reavers
  A storm dragon (Vaults:4)
  6 azure jellies
  6 rockslimes
  A draconian monk (Abyss:2)
  2 deep elf sorcerers
  A draconian knight (Depths:4)
  4 iron dragons
  3 frost giants
  A caustic shrike zombie (Crypt:2)
  13 vault wardens
  8 fire giants
  An imperial myrmidon (Desolation)
  3 deep elf elementalists (Elf:3)
  An orc warlord (Depths:1)
  A balrug (Depths:1)
  2 curse skulls
  2 war gargoyles
  25 very ugly things
  A juggernaut skeleton (Crypt:2)
  2 cacodemons (Abyss:2)
  6 formless jellyfish
  An ironbound thunderhulk (Vaults:3)
  8 quicksilver oozes
  10 stone giants
  7 ironbound preservers
  4 deep elf demonologists
  An eleionoma (Swamp:3)
  3 vampire knights
  A grey draconian (Depths:4)
  4 bunyips
  A green draconian (Depths:4)
  3 deep elf annihilators (Elf:3)
  A dire elephant (Vaults:2)
  3 red draconians
  A minotaur (shapeshifter) (Vaults:5)
  3 crystal guardians
  10 spark wasps
  A purple draconian (Depths:4)
  An eidolon (Crypt:3)
  9 ettins
  7 fire dragons
  9 deep elf death magi
  An entropy weaver (Vaults:5)
  A blizzard demon (Abyss:3)
  16 great orbs of eyes
  6 jiangshi
  5 ragged hierophants (Desolation)
  15 yaktaur captains
  7 servants of whispers (Desolation)
  5 spriggan zombies
  A quicksilver dragon skeleton (Depths:2)
  2 rakshasas
  4 deep elf high priests
  18 vault guards
  4 ice dragons
  An ogre mage (Vaults:5)
  5 hydras
  A spriggan skeleton (Crypt:1)
  A spriggan air mage (Depths:3)
  8 centaur warriors
  5 peacekeepers
  5 ironbound frosthearts
  2 alligators (Swamp:2)
  2 death knights (Vaults:2)
  A boulder beetle (D:15)
  4 deep troll earth magi
  2 hell hogs (Abyss:2)
  2 tengu warriors (Depths:3)
  3 vampire magi
  3 deep troll shamans
  25 dancing weapons
  2 spriggan berserkers
  6 thrashing horrors (Abyss:2)
  11 spriggans
  7 deep elf knights
  4 soul eaters
  A sun demon (Depths:1)
  6 iron trolls
  4 sixfirhies (Abyss:2)
  An iron troll (shapeshifter) (Depths:4)
  13 skeletal warriors
  4 wretched stars
  A bunyip zombie (Crypt:2)
  A fire crab (shapeshifter) (Abyss:2)
  8 swamp dragons
  6 flayed ghosts
  A death drake (Swamp:4)
  35 deep trolls
  3 golden dragon skeletons
  A glowing orange brain (Depths:1)
  2 bunyip skeletons
  2 deep elf archers (Elf:1)
  6 ironbound convokers
  A jorogumo zombie (Crypt:2)
  4 spriggan druids
  3 orc knights
  4 bog bodies
  7 phantasmal warriors
  4 wizards
  A spriggan simulacrum (Depths:2)
  9 large abominations (Abyss:2)
  6 harpies
  6 necromancers
  8 lindwurms
  34 ugly things
  17 deep elf zephyrmancers
  19 deep elf pyromancers
  3 orc sorcerers (Depths:1)
  2 manticores (D:14)
  2 cyclopes
  A wolf spider (D:15)
  3 will-o-the-wisps
  3 worldbinders (Abyss:2)
  A salamander (Depths:3)
  4 shining eyes
  2 centaur zombies
  2 human skeletons (Vaults:2)
  A rust devil (Abyss:2)
  A dire elephant zombie (Crypt:2)
  2 molten gargoyles (Desolation)
  An apocalypse crab (Abyss:2)
  A guardian serpent (shapeshifter) (Vaults:5)
  8 vault sentinels
  A guardian serpent (Desolation)
  A fire giant skeleton (Crypt:1)
  A gargoyle (Desolation)
  3 orange demons (Abyss:2)
  A yaktaur zombie (Vaults:2)
  7 smoke demons
  26 yaktaurs
  3 rime drakes (D:14)
  An efreet (D:14)
  A freezing wraith (Crypt:1)
  2 tengu conjurers
  4 ancient zymes
  A tormentor (Abyss:2)
  A death yak skeleton (Crypt:3)
  A catoblepas skeleton (Crypt:2)
  A swamp worm zombie (Crypt:1)
  2 hellwings (Abyss:2)
  3 harpy zombies
  A tarantella (shapeshifter) (Vaults:2)
  A harpy skeleton (Crypt:2)
  3 trolls
  2 tyrant leeches (Swamp:3)
  10 hornets
  A dream sheep (shapeshifter) (Vaults:1)
  A death drake skeleton (Crypt:3)
  12 raiju
  33 saltlings (Desolation)
  An ettin skeleton (Abyss:2)
  A flying skull (Crypt:2)
  An ettin zombie (Vaults:2)
  5 ynoxinuls (Abyss:2)
  2 air elementals (Elf:1)
  3 wraiths
  59 slime creatures
  A fire bat (Abyss:2)
  9 wyverns
  A slime creature zombie (Crypt:2)
  A fire elemental (Elf:1)
  5 chaos spawn (Abyss:2)
  7 water elementals
  10 starcursed masses
  5 basilisks
  A neqoxec (Abyss:2)
  8 swamp worms
  8 vampire mosquitoes
  A harpy simulacrum (Crypt:2)
  4 wargs (Depths:1)
  A demonspawn zombie (Crypt:1)
  3 nameless horrors
  A spatial vortex (Abyss:2)
  2 hell hounds (D:14)
  2 orc warriors
  6 swamp drakes (Swamp:4)
  2 boggarts (Vaults:3)
  An elephant skeleton (Crypt:3)
  A draconian zombie (Crypt:1)
  11 small abominations
  3 earth elementals (Elf:1)
  A necrophage (Crypt:3)
  A polar bear zombie (Crypt:2)
  A water moccasin skeleton (Crypt:3)
  A quasit (Abyss:2)
  An orc priest (Vaults:5)
  2 iron imps (Abyss:2)
  2 orc wizards (Depths:1)
  A basilisk skeleton (Crypt:3)
  A black bear skeleton (Crypt:1)
  6 hell rats (D:14)
  A tengu skeleton (Crypt:1)
  3 white imps (Abyss:2)
  2 ufetubi (Abyss:2)
  A jelly zombie (Crypt:3)
  5 orcs
  An endoplasm (D:1)
  A hobgoblin (D:1)
  A frilled lizard (D:2)
  A frilled lizard zombie (Crypt:1)
  A kobold (D:1)
  A kobold zombie (Crypt:1)
  A quokka zombie (Crypt:3)
  4 ball lightnings (Swamp:2)
  A fire vortex (Swamp:4)
  A lurking horror (Abyss:2)
  11 starspawn tentacles
1026 creatures vanquished.

Vanquished Creatures (others)
  An eleionoma (Swamp:2)
  A goliath frog (Swamp:2)
  2 wizards (Vaults:4)
  A lindwurm (Vaults:1)
  A deep elf zephyrmancer (Elf:1)
  A centaur zombie (Abyss:2)
  A yaktaur (Vaults:5)
  A harpy skeleton (Abyss:2)
  3 blink frogs (Abyss:2)
  A raiju (Abyss:2)
  16 small abominations (Abyss:2)
  3 large abominations (Abyss:2)
  A water elemental (Depths:1)
  A swamp drake (Swamp:4)
  A wight (Abyss:2)
  2 jellies (Abyss:2)
  4 gnoll zombies (D:6)
  4 kobolds
  8 orc zombies (Bailey)
  123 ball lightnings
  20 foxfires
  A lurking horror (Abyss:2)
  26 starspawn tentacles
223 creatures vanquished.

Grand Total: 2795 creatures vanquished

Notes
Turn   | Place    | Note
-------+----------+-------------------------------------------
     0 | D:1      | holysushi the Mummy Necromancer began the quest for the
                  | Orb.
     0 | D:1      | Reached XP level 1. HP: 13/13 MP: 4/4
   101 | D:1      | Reached skill level 3 in Spellcasting
   205 | D:1      | Reached XP level 2. HP: 17/19 MP: 1/6
   527 | D:1      | Reached skill level 4 in Spellcasting
   690 | D:1      | Found a faded altar of an unknown god.
   866 | D:1      | Gained mutation: You are in touch with the powers of death.
                  | [Mummy growth]
   866 | D:1      | Reached XP level 3. HP: 24/24 MP: 6/8
   871 | D:1      | Learned a level 3 spell: Vampiric Draining
   876 | D:1      | Learned a level 2 spell: Ensorcelled Hibernation
  1414 | D:1      | Identified a scroll of acquirement
  1414 | D:1      | Acquired the ring "Qen Goch" {Wiz Contam rCorr Int+3 Dex+8}
  1553 | D:2      | Reached XP level 4. HP: 30/30 MP: 2/10
  1690 | D:1      | Reached skill level 1 in Hexes
  1898 | D:2      | Found a shadowy altar of Dithmenos.
  2022 | D:2      | Noticed Sigmund
  2134 | D:2      | Reached skill level 1 in Ice Magic
  2390 | D:3      | Learned a level 4 spell: Animate Dead
  2880 | D:3      | Reached skill level 1 in Short Blades
  2996 | D:3      | Reached XP level 5. HP: 35/35 MP: 6/11
  3052 | D:3      | Noticed Ijyb
  3077 | D:3      | Killed Ijyb
  3371 | D:3      | Identified the +0 dagger "Edieruna" {drain, rN++}
  3519 | D:4      | Reached skill level 5 in Necromancy
  3645 | D:4      | Noticed a centaur
  3941 | D:4      | Reached XP level 6. HP: 41/41 MP: 10/12
  4034 | D:4      | Noticed Natasha
  4045 | D:4      | Killed Natasha
  4245 | D:4      | Noticed Natasha
  4249 | D:4      | Killed Natasha
  4250 | D:4      | Reached skill level 1 in Evocations
  4326 | D:4      | Noticed Natasha
  4337 | D:4      | Killed Natasha
  4989 | D:5      | Entered Level 5 of the Dungeon
  5006 | D:5      | Noticed Dowan
  5148 | D:5      | Noticed a water moccasin
  5318 | D:5      | Reached XP level 7. HP: 40/46 MP: 1/13
  5460 | D:5      | Noticed Prince Ribbit
  5475 | D:5      | Killed Prince Ribbit
  5659 | D:5      | Noticed Duvessa
  5800 | D:5      | Reached skill level 1 in Fighting
  5800 | D:5      | Reached skill level 5 in Dodging
  5927 | D:4      | Reached XP level 8. HP: 35/56 MP: 6/15
  6066 | D:5      | Reached skill level 5 in Spellcasting
  6241 | D:5      | Found Caasoilopa's Magic Scroll Emporium.
  6246 | D:5      | Bought a scroll of enchant weapon for 105 gold pieces
  6246 | D:5      | Bought a scroll of enchant weapon for 105 gold pieces
  6780 | D:2      | Killed Sigmund
  6781 | D:2      | Reached skill level 6 in Spellcasting
  6906 | D:6      | Noticed a skeletal warrior
  6907 | D:6      | Noticed a skeletal warrior
  6909 | D:6      | Noticed a skeletal warrior
  6984 | D:6      | Identified the +1 ring mail of Tenacity {Harm rElec Will-
                  | Str+7}
  7416 | D:7      | Found a runed translucent door.
  7418 | D:7      | Noticed olddryhag's ghost (novice OpVM)
  7556 | D:7      | Found a staircase to the Ecumenical Temple.
  7556 | D:7      | Noticed a troll
  7601 | D:7      | Killed a troll
  7602 | D:7      | Reached XP level 9. HP: 60/61 MP: 1/18
  7612 | Temple   | Entered the Ecumenical Temple
  8348 | D:7      | Noticed Menkaure
  8357 | D:7      | Killed Menkaure
  8606 | D:7      | Noticed a gargoyle
  8608 | D:7      | Killed a gargoyle
  8651 | D:7      | Learned a level 5 spell: Irradiate
  8684 | D:7      | Killed olddryhag's ghost
  8980 | D:8      | Reached skill level 7 in Spellcasting
  9456 | D:9      | Found a flagged portal.
  9467 | Bailey   | Entered a bailey
  9657 | Bailey   | Reached skill level 8 in Spellcasting
  9917 | Temple   | Became a worshipper of Gozag Ym Sagoz the Greedy
 10310 | D:9      | Reached XP level 10. HP: 66/67 MP: 10/22
 10484 | D:9      | Reached skill level 1 in Conjurations
 10484 | D:9      | Reached skill level 1 in Transmutations
 11013 | D:9      | Found a staircase to the Lair.
 11026 | D:9      | Reached skill level 9 in Spellcasting
 12022 | Lair:1   | Entered Level 1 of the Lair of Beasts
 12146 | Lair:1   | Noticed an elephant
 12154 | Lair:1   | Noticed an elephant
 12157 | Lair:1   | Noticed an elephant
 12177 | Lair:1   | Noticed an elephant
 12193 | Lair:1   | Noticed an elephant
 12195 | Lair:1   | Killed an elephant
 12216 | D:9      | Killed an elephant
 12268 | Lair:1   | Noticed an elephant
 12286 | Lair:1   | Killed an elephant
 12287 | Lair:1   | Reached skill level 10 in Spellcasting
 12349 | Lair:1   | Killed an elephant
 12350 | Lair:1   | Reached skill level 10 in Dodging
 12419 | Lair:1   | Killed an elephant
 12420 | Lair:1   | Reached XP level 11. HP: 72/72 MP: 20/25
 12421 | Lair:1   | Noticed a boulder beetle
 12435 | Lair:1   | Killed a boulder beetle
 12629 | Lair:1   | Noticed Gastronok
 13480 | Lair:1   | Reached skill level 11 in Spellcasting
 13775 | Lair:2   | Found a staircase to the Snake Pit.
 14692 | Lair:2   | Bought the +1 pair of gloves "Hujoeh" {Int+2 Dex+3} for 351
                  | gold pieces
 15078 | Lair:2   | Bought a +0 pair of boots of stealth for 149 gold pieces
 15213 | Lair:2   | Reached skill level 12 in Spellcasting
 15237 | Lair:2   | Reached XP level 12. HP: 61/81 MP: 9/28
 15343 | Lair:2   | Learned a level 3 spell: Mephitic Cloud
 15349 | Lair:2   | Learned a level 5 spell: Freezing Cloud
 15421 | Lair:2   | Noticed a four-headed hydra
 15447 | Lair:2   | Killed a four-headed hydra
 15448 | Lair:2   | Reached skill level 5 in Stealth
 15934 | Lair:1   | Killed Gastronok
 16440 | Lair:3   | Noticed a six-headed hydra
 16445 | Lair:3   | Killed a six-headed hydra
 16446 | Lair:3   | Reached skill level 5 in Conjurations
 16550 | Lair:3   | Reached skill level 13 in Spellcasting
 17163 | Lair:3   | Noticed an eight-headed hydra
 17224 | Lair:3   | Killed an eight-headed hydra
 17298 | Lair:3   | Noticed a six-headed hydra
 17311 | Lair:3   | Killed a six-headed hydra
 17312 | Lair:3   | Reached skill level 5 in Short Blades
 17478 | Lair:3   | Found a staircase to the Swamp.
 17541 | Lair:3   | Noticed Amaemon
 17549 | Lair:3   | Killed Amaemon
 18279 | Lair:4   | Reached skill level 1 in Air Magic
 19243 | Lair:4   | Gained mutation: You are strongly in touch with the powers
                  | of death. [Mummy growth]
 19243 | Lair:4   | Reached XP level 13. HP: 52/86 MP: 11/30
 19752 | Lair:4   | Found a viscous altar of Jiyva.
 19752 | Lair:4   | Found a staircase to the Slime Pits.
 20290 | Lair:4   | Bought a scroll of blinking for 105 gold pieces
 20389 | Lair:4   | Reached skill level 14 in Spellcasting
 20875 | Lair:4   | Identified the +11 orcbow "Ehalenuts" {drain, rN+ Dex-3
                  | Stlth+}
 20878 | Lair:4   | Identified the +10 sling "Weqysipn" {drain, rC+ rN+}
 21315 | Lair:4   | Learned a level 6 spell: Leda's Unmaking
 21323 | Lair:4   | Learned a level 7 spell: Spellforged Servitor
 21742 | Lair:3   | Reached skill level 5 in Fighting
 22129 | Lair:4   | Bought a scroll of acquirement for 728 gold pieces
 22130 | Lair:4   | Acquired a book of Touch
 22139 | Lair:4   | Learned a level 4 spell: Dispel Undead
 22706 | Lair:5   | Entered Level 5 of the Lair of Beasts
 23745 | Lair:5   | Reached skill level 15 in Spellcasting
 23745 | Lair:5   | Reached XP level 14. HP: 98/98 MP: 29/33
 23885 | Lair:5   | Reached skill level 1 in Summonings
 25158 | Lair:5   | Reached skill level 1 in Earth Magic
 25915 | Lair:5   | Reached skill level 16 in Spellcasting
 26134 | Lair:5   | Identified the staff of the Tentacled God {Drain rPois
                  | Str+4 SInv Conj}
 26402 | D:9      | Bought a scroll of blinking for 225 gold pieces
 26421 | D:10     | Entered Level 10 of the Dungeon
 26561 | D:10     | Found Wumuazir's Magic Scroll Shop.
 26573 | D:10     | Bought a scroll of summoning for 123 gold pieces
 26696 | D:10     | Found a staircase to the Orcish Mines.
 26736 | D:10     | Found a bloodstained altar of Trog.
 27731 | Orc:1    | Entered Level 1 of the Orcish Mines
 28137 | Orc:1    | Noticed Erolcha
 28140 | Orc:1    | Killed Erolcha
 28141 | Orc:1    | Reached XP level 15. HP: 103/103 MP: 34/35
 28309 | Orc:2    | Entered Level 2 of the Orcish Mines
 29580 | Orc:2    | Found Joaceja's Antique Armour Shop.
 29597 | Orc:2    | Found Binamix's Antique Weapon Shop.
 29613 | Orc:2    | Found Hudghof's General Store.
 29903 | Orc:2    | Found a staircase to the Elven Halls.
 30322 | Orc:2    | Found Fuigux's Jewellery Shop.
 30362 | Orc:2    | Bought the +3 Elemental Staff {rElec rF+ rC+ AC+3} for 1827
                  | gold pieces
 30362 | Orc:2    | Found the +3 Elemental Staff {rElec rF+ rC+ AC+3}
 30381 | Elf:1    | Entered Level 1 of the Elven Halls
 30431 | Orc:1    | Found Unnowedgh's Armour Shoppe.
 30762 | Orc:1    | Noticed Urug
 30774 | Orc:1    | Killed Urug
 31834 | D:11     | Reached skill level 10 in Conjurations
 32178 | Orc:2    | Bought a faintly glowing whip for 240 gold pieces
 32178 | Orc:2    | Identified the +8 whip "Arbiter" {heavy, rF+++ Str+8
                  | Stlth-} (You bought it in a shop on level 2 of the Orcish
                  | Mines)
 32178 | Orc:2    | Bought an iridescent sling for 208 gold pieces
 32178 | Orc:2    | Identified the +0 sling of Immorality {heavy, rF+ rN+} (You
                  | bought it in a shop on level 2 of the Orcish Mines)
 32464 | D:12     | Found a bloodstained altar of Trog.
 33021 | D:12     | Reached skill level 5 in Summonings
 33438 | D:12     | Acquired the amulet of the Rabble {Reflect Will+ SH+5}
 33479 | D:13     | Noticed Puroamod's ghost (journeyman DsCj)
 33661 | D:13     | Found a runed translucent door.
 33684 | D:13     | Noticed a tengu reaver
 33686 | D:13     | Found a runed translucent door.
 33743 | D:13     | Noticed Nessos
 33749 | D:13     | Killed Nessos
 34114 | D:13     | Reached skill level 1 in Shields
 34188 | D:13     | Noticed a fenstrider witch
 34192 | D:13     | Killed a fenstrider witch
 35016 | D:13     | Noticed a lich
 35175 | D:10     | Bought a scroll of enchant armour for 97 gold pieces
 35284 | Snake:1  | Entered Level 1 of the Snake Pit
 36035 | Snake:1  | Found Goeti's Vocational Training.
 36852 | Snake:2  | Noticed Agnes
 36856 | Snake:2  | Killed Agnes
 36865 | Snake:2  | Reached XP level 16. HP: 106/109 MP: 15/36
 37222 | Snake:2  | Noticed Frances
 37231 | Snake:2  | Killed Frances
 37487 | Snake:2  | Noticed Aizul
 37495 | Snake:2  | Killed Aizul
 38205 | Snake:3  | Found Bah Doos's Jewellery Shop.
 38206 | Snake:3  | Found Elitab's Jewellery Shop.
 38206 | Snake:3  | Found Viuhiru's Book Emporium.
 39443 | Snake:3  | Identified the +1 pair of boots of Weirdness {rPois rN+
                  | Int+2}
 39485 | Snake:3  | Reached skill level 15 in Dodging
 39719 | Snake:4  | Entered Level 4 of the Snake Pit
 39859 | Snake:4  | Found a runed translucent door.
 39859 | Snake:4  | Noticed Maeg's ghost (adept TrMo)
 42112 | Snake:4  | Got a serpentine rune of Zot
 42183 | Snake:4  | Killed Maeg's ghost
 42184 | Snake:4  | Reached XP level 17. HP: 117/124 MP: 14/37
 42519 | D:9      | Upgraded the game from 0.31-a0-182-gc5ef74bbde to
                  | 0.31-a0-187-gba352fbbf7
 42749 | D:14     | Identified the +8 halberd of Uroaps {distort, rC+ Int+6}
 43848 | D:14     | Found a gate to the Vaults.
 44102 | D:15     | Entered Level 15 of the Dungeon
 44326 | D:15     | Found a radiant altar of Vehumet.
 44613 | D:15     | Identified the +6 ring mail "Feak" {rPois}
 44648 | D:15     | Found Erroep's General Store.
 44690 | D:15     | Found Daabon's Weapon Shoppe.
 45195 | D:15     | Found a staircase to the Depths.
 45688 | Swamp:1  | Entered Level 1 of the Swamp
 45696 | Swamp:1  | Noticed Jorgrun
 45702 | Swamp:1  | Killed Jorgrun
 45726 | Swamp:1  | Noticed Mlioglotl
 45763 | Swamp:1  | Killed Mlioglotl
 47070 | Swamp:1  | Identified the +4 kite shield "Betea" {-Tele rCorr Str+2
                  | Dex+4}
 47070 | Swamp:1  | Noticed Donald
 47081 | Swamp:1  | Killed Donald
 47392 | Swamp:2  | Reached skill level 10 in Fighting
 47495 | Swamp:2  | Learned a level 6 spell: Conjure Ball Lightning
 47580 | Swamp:2  | Found a transporter.
 48251 | Swamp:2  | Found a runed translucent door.
 48252 | Swamp:2  | Identified the +7 trident of the Fifty Knives {distort,
                  | Int-2 Dex+2 SInv}
 48252 | Swamp:2  | Noticed a tentacled monstrosity
 48253 | Swamp:2  | Noticed Naistiu's ghost (adept DESu)
 48401 | Swamp:2  | Found a transporter.
 48536 | Swamp:2  | Killed a tentacled monstrosity
 48549 | Swamp:2  | Killed Naistiu's ghost
 48550 | Swamp:2  | Reached XP level 18. HP: 90/134 MP: 3/38
 48948 | Swamp:2  | Identified the +2 pair of boots "Qibomoeh" {Will+ rCorr}
 48952 | Swamp:2  | Identified the ring of Ipregapt {Ice *Corrode Dex+3 Slay+3}
 49297 | Swamp:3  | Noticed Eboth's ghost (adept GnFi)
 49308 | Swamp:3  | Found a transporter.
 49318 | Swamp:3  | Found a transporter.
 50051 | Swamp:3  | Killed Eboth's ghost
 50052 | Swamp:3  | Reached skill level 17 in Spellcasting
 50059 | Swamp:3  | Identified the +0 hat of Immorality {Rampage rC+}
 50175 | Swamp:3  | Identified the +5 long sword of the Aged Visionaries
                  | {antimagic, rPois Dex+4 Stlth-}
 50238 | Swamp:4  | Entered Level 4 of the Swamp
 51314 | Swamp:4  | Noticed a tentacled monstrosity
 51318 | Swamp:4  | Killed a tentacled monstrosity
 51895 | Swamp:4  | Got a decaying rune of Zot
 52380 | Elf:1    | Reached skill level 5 in Air Magic
 53076 | Elf:1    | Found Luil's Distillery.
 53095 | Elf:1    | Paralysed by an air elemental for 1 turns
 53297 | Elf:1    | Reached skill level 18 in Spellcasting
 54453 | Elf:2    | Reached XP level 19. HP: 133/140 MP: 41/41
 54481 | Elf:2    | Found a runed translucent gate.
 54483 | Elf:2    | Found a runed translucent gate.
 54485 | Elf:2    | Found a runed translucent gate.
 54586 | Elf:2    | Found Mekhis's Distillery.
 54987 | Elf:2    | Reached skill level 19 in Spellcasting
 55942 | Elf:3    | Entered Level 3 of the Elven Halls
 55945 | Elf:3    | Acquired Sif Muna's Quarto of Allies and the Cwm
 55953 | Elf:3    | Learned a level 5 spell: Borgnjor's Vile Clutch
 55958 | Elf:3    | Learned a level 4 spell: Olgreb's Toxic Radiance
 55965 | Elf:3    | Learned a level 5 spell: Lee's Rapid Deconstruction
 56658 | Elf:3    | Identified the +4 mace of the Changing Ass {drain, Fly
                  | Dex+3 Stlth+}
 56668 | Elf:3    | Identified the +8 dagger of Waefoh {protect, rF+ rN+ rCorr
                  | Int+3}
 57281 | Elf:3    | Identified the ring of Kucwotio {rPois rF++ rC+ Str-2 SInv}
 57290 | Elf:3    | Reached skill level 20 in Spellcasting
 57333 | Elf:3    | Identified the +7 battleaxe of Eseigoukke {venom, rC+
                  | Str+4}
 57463 | Elf:3    | Identified the staff "Taukaa Tiel" {rPois rN+ rCorr Str-3
                  | Int+5 Necro}
 57469 | Elf:3    | Identified the +0 cloak of Beastly Leaves {rPois}
 57494 | Elf:3    | Identified the +3 short sword of Domination {venom, rC+ rN+
                  | rCorr SInv}
 57584 | Elf:3    | Identified the staff "Kottiep" {rElec Int+3 Air}
 57968 | Slime:1  | Entered Level 1 of the Pits of Slime
 58784 | Slime:2  | Found a viscous altar of Jiyva.
 58807 | Slime:2  | Noticed Dissolution
 58928 | Slime:2  | Killed Dissolution
 58948 | Slime:2  | Reached skill level 5 in Earth Magic
 59646 | Slime:5  | Entered Level 5 of the Pits of Slime
 59658 | Slime:5  | Reached XP level 20. HP: 112/147 MP: 6/44
 60446 | Slime:5  | Reached skill level 21 in Spellcasting
 62106 | Slime:5  | Reached skill level 22 in Spellcasting
 62183 | Slime:5  | Noticed the Royal Jelly
 62209 | Slime:5  | Reached skill level 1 in Armour
 63399 | Slime:5  | Reached skill level 10 in Summonings
 63716 | Slime:5  | Killed the Royal Jelly
 64890 | Slime:5  | Got the Cyclopedia of Variable Spelunking
 64909 | Slime:5  | Got a slimy rune of Zot
 65249 | D:9      | Bought a scroll of teleportation for 30 gold pieces
 65249 | D:9      | Bought a scroll of summoning for 95 gold pieces
 65249 | D:9      | Bought a scroll of enchant armour for 75 gold pieces
 65392 | Vaults:1 | Entered Level 1 of the Vaults
 65437 | Vaults:1 | Learned a level 9 spell: Shatter
 65448 | Vaults:1 | Learned a level 8 spell: Maxwell's Capacitive Coupling
 65729 | Vaults:1 | Found a huge runed gate.
 65729 | Vaults:1 | Found a huge runed gate.
 65729 | Vaults:1 | Found a huge runed gate.
 65729 | Vaults:1 | Found a huge runed gate.
 65729 | Vaults:1 | Found a huge runed gate.
 65729 | Vaults:1 | Found a huge runed gate.
 65730 | Vaults:1 | Found a huge runed gate.
 65730 | Vaults:1 | Found a huge runed gate.
 65730 | Vaults:1 | Found a huge runed gate.
 65731 | Vaults:1 | Found a huge runed gate.
 65736 | Vaults:1 | Found a huge runed gate.
 65736 | Vaults:1 | Found a huge runed gate.
 65736 | Vaults:1 | Found a huge runed gate.
 65736 | Vaults:1 | Found a huge runed gate.
 65736 | Vaults:1 | Found a huge runed gate.
 65737 | Vaults:1 | Found a huge runed gate.
 65738 | Vaults:1 | Found a huge runed gate.
 65739 | Vaults:1 | Found a huge runed gate.
 65740 | Vaults:1 | Found a huge runed gate.
 65747 | Vaults:1 | Found a huge runed gate.
 65747 | Vaults:1 | Found a huge runed gate.
 65747 | Vaults:1 | Found a huge runed gate.
 65747 | Vaults:1 | Found a huge runed gate.
 65747 | Vaults:1 | Found a huge runed gate.
 65748 | Vaults:1 | Found a huge runed gate.
 65749 | Vaults:1 | Found a huge runed gate.
 65867 | Vaults:1 | Found a huge runed gate.
 65881 | Vaults:1 | Reached skill level 5 in Armour
 66666 | Vaults:1 | Reached XP level 21. HP: 153/153 MP: 44/47
 66766 | Vaults:1 | Found Uhenenlo's General Store.
 66772 | Vaults:1 | Bought 3 scrolls of teleportation for 144 gold pieces
 67125 | Vaults:1 | Found a huge runed gate.
 67125 | Vaults:1 | Found a huge runed gate.
 67125 | Vaults:1 | Found a huge runed gate.
 67125 | Vaults:1 | Found a huge runed gate.
 67126 | Vaults:1 | Found a huge runed gate.
 67127 | Vaults:1 | Found a huge runed gate.
 67128 | Vaults:1 | Found a huge runed gate.
 67129 | Vaults:1 | Found a huge runed gate.
 67130 | Vaults:1 | Found a huge runed gate.
 67934 | Vaults:2 | Reached skill level 23 in Spellcasting
 67935 | Vaults:2 | Noticed Frederick
 67960 | Vaults:2 | Killed Frederick
 67983 | Vaults:2 | Found a flickering gateway to a bazaar.
 67994 | Bazaar   | Entered a bazaar
 68045 | Bazaar   | Found Waj Sekh's Magic Scroll Shop.
 68045 | Bazaar   | Found Lusit's Jewellery Boutique.
 68046 | Bazaar   | Got the Atlas of Battle Magic and Spellbinding
 68057 | Bazaar   | Bought a scroll of summoning for 152 gold pieces
 68057 | Bazaar   | Bought a scroll of teleportation for 48 gold pieces
 68501 | Vaults:2 | Found a staircase to the Crypt.
 70292 | Vaults:3 | Found a crumbling gateway.
 70298 | Vaults:3 | Reached skill level 10 in Air Magic
 70369 | Desolati | Entered the Desolation of Salt
 71064 | Desolati | Identified the ring "Koyr" {Fire rElec rN+}
 71187 | Desolati | Reached XP level 22. HP: 159/159 MP: 48/49
 71364 | Desolati | Identified the +1 scale mail "Woro" {-Tele Rampage Will+}
 71372 | Desolati | Got the Volume of Fever
 71375 | Desolati | Identified the ring "Zetz" {Fire +Blink}
 71550 | Desolati | Got the Vellum of the Shot and Graupel
 71630 | Desolati | Identified the +1 flail of Insomnia {flame, rC+ Str+3
                  | Int-5}
 71641 | Desolati | Identified the +5 orcbow of Ambiguity {elec, +Blink Fly
                  | rElec Will+}
 72331 | Vaults:3 | Learned a level 8 spell: Lehudib's Crystal Spear
 72968 | Vaults:3 | Identified the +0 leather armour "Myobept" {+Blink Dex+3}
 73848 | Vaults:3 | Learned a level 6 spell: Death Channel
 74374 | Vaults:4 | Found Vuetsant's Armour Shoppe.
 74383 | Vaults:4 | Bought the +2 shield of Resistance {rF++ rC++ Will++} for
                  | 705 gold pieces
 74383 | Vaults:4 | Found the +2 shield of Resistance {rF++ rC++ Will++}
 76129 | Vaults:5 | Entered Level 5 of the Vaults
 77813 | Vaults:4 | Found Vuetsant's Armour Shoppe.
 78503 | Vaults:5 | Noticed a dread lich
 78696 | Vaults:5 | Reached XP level 23. HP: 69/165 MP: 9/50
 78848 | Vaults:5 | Noticed a dread lich
 78859 | Vaults:5 | Killed a dread lich
 78984 | Vaults:5 | Reached skill level 15 in Air Magic
 79164 | Vaults:5 | Identified the +5 chain mail "Tiff" {Rampage rPois Str+4}
 79449 | Vaults:5 | Noticed Xtahua
 79476 | Vaults:5 | Killed Xtahua
 80372 | Vaults:5 | Got a silver rune of Zot
 80517 | Vaults:5 | Killed a dread lich
 80601 | Vaults:5 | Identified the +1 short sword of the Floral God {venom,
                  | Dex+3}
 81561 | D:14     | Learned a level 5 spell: Yara's Violent Unravelling
 81565 | D:14     | Bought a manual of Stealth for 1520 gold pieces
 81710 | Crypt:1  | Entered Level 1 of the Crypt
 82052 | Crypt:1  | Found a burning altar of Makhleb.
 83408 | Crypt:1  | Upgraded the game from 0.31-a0-187-gba352fbbf7 to
                  | 0.31-a0-188-g5e087ee2ca
 83455 | Crypt:2  | Reached skill level 15 in Fighting
 84197 | Crypt:2  | Reached XP level 24. HP: 189/189 MP: 49/50
 84882 | Crypt:3  | Entered Level 3 of the Crypt
 85191 | Crypt:3  | Noticed a dread lich
 85196 | Crypt:3  | Killed a dread lich
 85400 | Crypt:3  | Found a staircase to the Tomb.
 85446 | Crypt:3  | Noticed Weuw's ghost (adept GrFi)
 85463 | Crypt:3  | Found a transporter.
 85470 | Crypt:3  | Found a transporter.
 85828 | Crypt:3  | Reached skill level 24 in Spellcasting
 86834 | Crypt:3  | Noticed Jory
 86845 | Crypt:3  | Killed Jory
 87111 | Crypt:3  | Found an ancient bone altar of Kikubaaqudgha.
 87145 | Crypt:3  | Identified the +6 short sword of the Eggplant {freeze,
                  | *Noise rPois Str+8 Int-4}
 87321 | Crypt:3  | Reached skill level 25 in Spellcasting
 87998 | Crypt:3  | Upgraded the game from 0.31-a0-188-g5e087ee2ca to
                  | 0.31-a0-196-g86fe4a5e66
 89190 | Depths:1 | Entered Level 1 of the Depths
 89378 | Depths:1 | Reached skill level 26 in Spellcasting
 89412 | Depths:1 | Identified the +3 ring mail "Hagac" {Dex+5 Stlth+}
 90075 | Depths:1 | Found a gateway to Hell.
 90527 | Depths:2 | Found a one-way gateway to a ziggurat.
 90528 | Depths:2 | Found a one-way gate leading to the halls of Pandemonium.
 90688 | Depths:2 | Reached XP level 25. HP: 141/197 MP: 21/53
 90690 | Depths:2 | Noticed a juggernaut
 90692 | Depths:2 | Killed a juggernaut
 90994 | Depths:2 | Noticed Bai Suzhen
 91004 | Depths:2 | Killed Bai Suzhen
 91370 | Depths:2 | Identified the +3 chain mail of Starshine {Str+6}
 91899 | Depths:2 | Found a one-way gate to the infinite horrors of the Abyss.
 93701 | Depths:4 | Entered Level 4 of the Depths
 93702 | Depths:4 | Found Jyifafos's Jewellery Boutique.
 93705 | Depths:4 | Found Bearomn's Book Boutique.
 93705 | Depths:4 | Found Ikaffy's Assorted Antiques.
 93713 | Depths:4 | Found Vuiq's General Store.
 94559 | Depths:4 | Reached skill level 10 in Stealth
 94803 | Depths:4 | Found a gate to the Realm of Zot.
 96015 | Depths:4 | Bought a book of Winter for 714 gold pieces
 96015 | Depths:4 | Bought a book of Frost for 420 gold pieces
 96702 | D:15     | Bought a book of Weapons for 336 gold pieces
 97133 | Depths:2 | Voluntarily entered the Abyss.
 97143 | Abyss:1  | Found a corrupted altar of Lugonu.
 97265 | Abyss:2  | Found a corrupted altar of Lugonu.
 97286 | Abyss:2  | Found a corrupted altar of Lugonu.
 97337 | Abyss:2  | Found a corrupted altar of Lugonu.
 97337 | Abyss:2  | Found a corrupted altar of Lugonu.
 97479 | Abyss:2  | Reached XP level 26. HP: 204/204 MP: 53/53
 97514 | Abyss:2  | Found a corrupted altar of Lugonu.
 97547 | Abyss:2  | Paralysed by accursed screaming for 1 turns
 97553 | Abyss:2  | Paralysed by accursed screaming for 1 turns
 97698 | Abyss:2  | Found a corrupted altar of Lugonu.
 97752 | Depths:2 | Escaped the Abyss
 97754 | Depths:2 | Voluntarily entered the Abyss.
 97799 | Abyss:2  | Found a corrupted altar of Lugonu.
 97801 | Abyss:2  | Found a transporter.
 97845 | Abyss:2  | Found a transporter.
 97848 | Abyss:2  | Found a corrupted altar of Lugonu.
 97856 | Abyss:2  | Identified the amulet "Avvih" {Rampage rC+ Regen+ Str-4
                  | Dex+3}
 97860 | Abyss:2  | Found a transporter.
 97963 | Abyss:2  | Found a transporter.
 97963 | Abyss:2  | Found a corrupted altar of Lugonu.
 97987 | Abyss:2  | Found a transporter.
 98033 | Abyss:2  | Found a transporter.
 98052 | Abyss:2  | Found a corrupted altar of Lugonu.
 98640 | Abyss:2  | Found a transporter.
 98640 | Abyss:2  | Found a corrupted altar of Lugonu.
 98640 | Abyss:2  | Noticed an ancient lich
 98645 | Abyss:2  | Found a transporter.
 98651 | Abyss:2  | Found a corrupted altar of Lugonu.
 98864 | Abyss:2  | Found a corrupted altar of Lugonu.
 99186 | Abyss:2  | Found a transporter.
 99186 | Abyss:2  | Found a corrupted altar of Lugonu.
 99243 | Abyss:2  | Found a transporter.
 99516 | Abyss:2  | Found a transporter.
 99517 | Abyss:2  | Found a transporter.
 99582 | Abyss:2  | Found a corrupted altar of Lugonu.
 99603 | Abyss:2  | Reached skill level 5 in Shields
 99723 | Abyss:2  | Found a transporter.
 99734 | Abyss:2  | Found a corrupted altar of Lugonu.
 99750 | Abyss:2  | Found a corrupted altar of Lugonu.
 99837 | Abyss:2  | Noticed an ancient lich
 99841 | Abyss:2  | Killed an ancient lich
 99936 | Abyss:3  | Killed an ancient lich
100043 | Abyss:3  | HP: 6/206 [apocalypse crab (5)]
100043 | Abyss:3  | HP: 1/206 [apocalypse crab (5)]
100044 | Abyss:3  | Slain by a lorocyproca

Illustrated notes

Levels and vault maps discovered:
D:1:      ncdulo_halloftheorcs, layout_loops_ring,
          dilly_ecumenical_altar_fadedgnrine, nrook_mini_backslash,
          st_stairs_13, kennysheep_another_room, chequers_jeans
D:2:      layout_basic, basic_altar, st_stairs_14, uniq_sigmund
D:3:      layout_loops_ring, nicolae_figureground_pulse, uniq_ijyb
D:4:      layout_basic, chequers_serial_rivers_micro_c,
          corexii_leaking_fountain, uniq_natasha
D:5:      layout_gridville, serial_shops, shop, uniq_prince_ribbit1,
          uniq_duvessa
D:6:      layout_rooms, mainiacjoe_overflow_alcove_4, ebering_ghost_rock_garden,
          minmay_bent
D:7:      cheibrodos_statue_roulette, layout_loops_ring,
          minmay_temple_entry_slanted, ebering_ghost_reflecting_pool,
          uniq_menkaure
D:8:      hellmonk_ruined_rings, layout_rooms, dk_noncrumbling_4
D:9:      layout_stronghold, due_lair_maze_entry_diamond, enter_bailey_2,
          eino_jars
D:10:     layout_long_grid, mainiacjoe_overflow_brackets, orc_0_dummy,
          serial_shops, shop, minmay_fractal_squares_gapless_7
D:11:     layout_roguey
D:12:     layout_stronghold, trog_hazing_becter
D:13:     layout_layer_cave, muffindrake_ghost_dual_entry, uniq_nessos
D:14:     layout_roguey [special_room_mythical_zoo], david_vaults_4
D:15:     gammafunk_enter_depths_forms, layout_basic, serial_shops, shop, shop,
          vehumet_crystals
Temple:   mainiacjoe_temple_big_plus
Lair:1:   layout_loops_ring, serial_bayou_shore_a, infiniplex_staircase_pool_2,
          uniq_gastronok
Lair:2:   layout_concentric_octagons, guppyfry_snake_entry_island,
          chequers_serial_rivers_room_b, minivault_11
Lair:3:   layout_cave_pods, palyth_hydra_swamp_entry, uniq_amaemon
Lair:4:   layout_gridlike, slime_entry_1, nzn_random_ring
Lair:5:   due_jungle_book, layout_long_grid, lightli_volcano_entry_magma_tube
Swamp:1:  layout_falls_marsh, nicolae_swamp_big_swirl, swamp_pool2,
          uniq_jorgrun, uniq_donald, uniq_mlioglotl
Swamp:2:  gammafunk_worm_tunnel, layout_basic_swamp,
          ebering_ghost_funeral_grove, hangedman_swamp_diagram, swamp_pool2
Swamp:3:  layout_basic_swamp, gammafunk_ghost_berserking_beasts,
          evilmike_swamp_ruin_house_3
Swamp:4:  swamp_fiery, layout_basic_swamp, swamp_pool5
Snake:1:  layout_cave_shapes, nicolae_shop_vocational
Snake:2:  layout_grid_shapes, uniq_agnes, uniq_aizul, uniq_frances
Snake:3:  layout_basic, minmay_shop_grove, serial_bayou_shore_b,
          lemuel_fruit_tree
Snake:4:  grunt_snake_rune_serpentine_throne, layout_onion,
          hellmonk_ghost_happy_afterlife
Slime:1:  layout_caves
Slime:2:  layout_caves, basic_altar, uniq_dissolution
Slime:3:  layout_caves
Slime:4:  layout_caves, special_room [special_room_jelly]
Slime:5
Orc:1:    layout_diamond_mine, serial_shops, nicolae_shop_tiny_real_fake_doors,
          library_closet, uniq_urug, uniq_erolcha
Orc:2:    grunt_orc_cross, layout_diamond_mine
Elf:1:    minmay_elf_arrival_plus, layout_gridlike, serial_shops, shop,
          evilmike_minifort, grunt_megastairs_5
Elf:2:    elven_hall_of_blades_hangedman_original
          [infiniplex_blade_entry_pillars], layout_loops_cross, serial_shops,
          nicolae_shop_real_fake_doors
Elf:3:    elf_hall_gauntlet_narrow, layout_gridlike
Vaults:1: nicolae_vaults_shrinking_rooms_2, hangedman_vaults_corner_blocks,
          door_vault, v_misc_12, nicolae_vaults_diamond_2,
          vaults_standard_mumra_enter_the_diamond,
          ontoclasm_vaults_loading_screen, nicolae_vaults_little_squares_4,
          v_misc_13, layout_vaults_chaotic_city, serial_shops, shop
Vaults:2: hangedman_vaults_stream, blue_anna_dwarven_crypt,
          ontoclasm_vaults_loading_screen, dpeg_vaults_monster_row, v_misc_26,
          nicolae_vaults_house_1, nicolae_vaults_trapezoid_3,
          ontoclasm_vaults_idyll, nicolae_vaults_network_square,
          vaults_mumra_hex, dpeg_vaults_monster_box,
          nicolae_vaults_loss_of_containment, nicolae_vaults_apartment_2,
          grunt_vaults_diagonal, layout_vaults_ring, serial_shops, bzr_firewalk,
          uniq_frederick
Vaults:3: portal_desolation_entry_nicolae_nacl, nicolae_vaults_little_ls,
          nicolae_vaults_diamond_2, v_misc_15, nicolae_vaults_big_ls,
          nicolae_vaults_cochlea, nicolae_vaults_trapezoid_lopsided_1,
          nicolae_vaults_rhombus_5, nicolae_vaults_surprise_closet_hard,
          layout_vaults_omnigrid
Vaults:4: vaults_dpeg_hooks, v_misc_17, nicolae_vaults_back_hallway,
          ontoclasm_vaults_loading_screen, vaults_dpeg_cross,
          nicolae_vaults_yaktaur_gun_rack, st_cross, v_misc_31,
          vaults_room_boxed, ontoclasm_vaults_ring_square,
          nicolae_vaults_mini_display_case, nicolae_vaults_apartment_1,
          nicolae_vaults_tetromino_T_1, nicolae_vaults_trapezoid_lopsided_3,
          layout_vaults_omnicross, serial_shops, shop
Vaults:5: uniq_xtahua
Crypt:1:  layout_misc_corridors, nicolae_crypt_soggy_tomb, nzn_life_drinkers,
          grunt_crypt_arrival_split
Crypt:2:  layout_basic
Crypt:3:  church_of_pain_bobbens, layout_chaotic_city,
          nicolae_tomb_entry_rubble_hallway, gammafunk_ghost_arena
Depths:1: layout_cave_pools, lightli_too_deep, minmay_misc_feat_plants,
          minmay_misc_feat_pillars, nicolae_two_hexagons, nooodl_orcs_dogs
Depths:2: minmay_dotted_concentric_squares, layout_gridlike, enter_ziggurat_a,
          hell_entry, minmay_room_of_horrors, pan_entry,
          infiniplex_staircase_zigzag_5, uniq_bai_suzhen
Depths:3: minmay_connected_boxes_in_corner, layout_basic, abyss_entry,
          minmay_crystal_room, hell_entry
Depths:4: evilmike_zot_entry_gauntlet, layout_gridlike, hex_intersection,
          hangedman_geh_valley, kennysheep_random_hallway, minmay_shoptagon
Abyss:3:  base: Snake:3, minivault_27, nicolae_abyss_rune_left_handed,
          spicy_abyss_rude_harpoons, hangedman_abyss_or_decor_jellyfish_corner,
          hangedman_abyss_stitches_cave, nicolae_abyss_rune_left_handed

Skill      XL: |  1  2  3  4  5  6  7  8  9 10 11 12 13 14 15 16 17 18 19 20 21 22 23 24 25 26 |
---------------+-------------------------------------------------------------------------------+-----
Spellcasting   | 3 4 6 8 10 12 13 15 16 18 20 22 23 26 | 26.9
Hexes          | 1 |  1.0
Ice Magic      | 1 2 |  2.0
Dodging        | 2 3 5 7 9 10 11 12 13 14 15 17 18 19 20 21 22 | 22.0
Short Blades   | 1 2 3 5 6 |  6.0
Necromancy     | 5 7 8 |  8.3
Stealth        | 2 3 4 6 12 | 12.9
Evocations     | 1 4 |  4.0
Fighting       | 1 2 3 5 8 10 15 16 | 16.5
Conjurations   | 3 4 5 7 9 10 12 13 | 13.5
Transmutations | 3 |  3.0
Air Magic      | 1 2 5 6 11 14 15 | 15.4
Summonings     | 3 6 9 10 | 10.0
Earth Magic    | 3 5 6 |  6.2
Shields        | 2 4 5 |  5.6
Armour         | 5 |  5.0

Action                     |  1- 3 |  4- 6 |  7- 9 | 10-12 | 13-15 | 16-18 | 19-21 | 22-24 | 25-27 || total
---------------------------+-------+-------+-------+-------+-------+-------+-------+-------+-------++-------
  Melee: Unarmed           |    22 |       |       |       |       |       |       |       |       ||    22
         Punch             |     1 |     3 |     3 |     9 |     4 |       |       |       |       ||    20
         Short sword       |     1 |    58 |   155 |   555 |   266 |       |       |       |       ||  1035
         Staff             |       |       |       |       |    57 |   117 |    94 |   135 |   116 ||   519
   Cast: Necrotise         |    83 |    76 |   108 |   119 |   116 |       |       |       |       ||   502
         Vampiric Draining |       |    13 |    32 |   103 |    87 |     5 |     1 |       |       ||   241
         Ensorcelled Hiber |       |     5 |    25 |    14 |       |       |       |       |       ||    44
         Animate Dead      |       |       |     4 |       |       |       |       |       |       ||     4
         Irradiate         |       |       |       |     4 |    63 |    36 |    56 |    20 |    11 ||   190
         Freezing Cloud    |       |       |       |    23 |   244 |   152 |    30 |     8 |    12 ||   469
         Mephitic Cloud    |       |       |       |     5 |    17 |     6 |       |       |       ||    28
         Dispel Undead     |       |       |       |       |    15 |     7 |       |    59 |     5 ||    86
         Leda's Unmaking   |       |       |       |       |    26 |    85 |   102 |    20 |    12 ||   245
         Spellforged Servi |       |       |       |       |       |    76 |   157 |   143 |    85 ||   461
         Conjure Ball Ligh |       |       |       |       |       |    47 |     9 |       |       ||    56
         Lee's Rapid Decon |       |       |       |       |       |       |    57 |    52 |     2 ||   111
         Borgnjor's Vile C |       |       |       |       |       |       |     2 |       |       ||     2
         Maxwell's Capacit |       |       |       |       |       |       |     4 |   155 |    72 ||   231
         Death Channel     |       |       |       |       |       |       |       |    25 |    24 ||    49
 Invoke: Call Merchant     |       |       |       |     1 |     2 |     4 |     2 |     2 |     2 ||    13
         Potion Petition   |       |       |       |       |       |       |       |     5 |     1 ||     6
  Evoke: Wand              |       |       |     1 |    16 |     4 |     1 |     2 |       |     3 ||    27
         Phantom mirror    |       |       |       |       |       |     2 |     1 |     1 |       ||     4
         Condenser vane    |       |       |       |       |       |     1 |       |     1 |       ||     2
         Lightning rod     |       |       |       |       |       |       |       |     2 |       ||     2
    Use: Scroll            |     2 |     8 |    10 |     1 |    10 |     5 |    16 |    12 |     7 ||    71
   Stab: Sleeping          |       |     7 |     9 |    13 |     9 |     1 |     1 |       |       ||    40
         Paralysed         |       |       |     1 |     1 |       |       |       |       |       ||     2
         Distracted        |       |       |       |     4 |     7 |     3 |     5 |     5 |     4 ||    28
         Confused          |       |       |       |     3 |    15 |       |       |       |       ||    18
         Petrified         |       |       |       |       |     1 |       |       |       |       ||     1
 Armour: Robe              |     7 |     7 |    10 |    30 |    65 |    42 |    86 |    79 |    54 ||   380
  Dodge: Dodged            |    37 |    56 |   285 |   754 |   589 |   382 |   560 |   893 |   540 ||  4096
  Block: Buckler           |       |       |       |       |    53 |   284 |   451 |   681 |   273 ||  1742
         Reflection        |       |       |       |       |    16 |    57 |    50 |    62 |     9 ||   194

Table legend: (Time is in decaauts)
 A = Elapsed time spent in this place.
 B = Non-inter-level travel time spent in this place.
 C = Inter-level travel time spent in this place.
 D = Time resting spent in this place.
 E = Time spent auto-exploring this place.
 F = Levels seen in this place.
 G = Mean time per level.
                   A        B        C        D        E       F      G
               +--------+--------+--------+--------+--------+-----+--------+
         Total | 104727 |  96379 |   8348 |  24808 |  47199 |  58 | 1805.6 |
       Dungeon |  21955 |  18873 |   3082 |   3803 |  10447 |  15 | 1463.7 |
        Temple |    605 |    526 |     79 |     94 |    412 |   1 |  605.0 |
          Lair |  15723 |  14111 |   1612 |   5825 |   4802 |   5 | 3144.6 |
         Swamp |   6812 |   6478 |    334 |   1153 |   3903 |   4 | 1703.0 |
     Snake Pit |   7538 |   7108 |    430 |   2326 |   3595 |   4 | 1884.5 |
    Slime Pits |   7311 |   6964 |    347 |   3185 |   2038 |   5 | 1462.2 |
  Orcish Mines |   3739 |   3258 |    481 |    874 |   1652 |   2 | 1869.5 |
   Elven Halls |   5950 |   5496 |    454 |   1238 |   2923 |   3 | 1983.3 |
        Vaults |  15891 |  14926 |    965 |   2395 |   8910 |   5 | 3178.2 |
         Crypt |   6804 |   6470 |    334 |   1197 |   3498 |   3 | 2268.0 |
        Depths |   7360 |   7134 |    226 |   1059 |   3892 |   4 | 1840.0 |
         Abyss |   3041 |   3041 |      0 |   1201 |    317 |   4 |  760.2 |
        Bazaar |     75 |     75 |      0 |      0 |     63 |   1 |   75.0 |
        Bailey |    354 |    354 |      0 |    174 |      0 |   1 |  354.0 |
    Desolation |   1563 |   1563 |      0 |    281 |    742 |   1 | 1563.0 |
               +--------+--------+--------+--------+--------+-----+--------+

Top non-repeatable levels by time:
Vaults:4: 5381 daAuts
  Lair:4: 4281 daAuts
  Lair:5: 3420 daAuts
Vaults:1: 3171 daAuts
 Crypt:3: 3105 daAuts
  Lair:3: 2964 daAuts
 Slime:4: 2927 daAuts
 Abyss:2: 2811 daAuts
 Snake:4: 2752 daAuts
  Lair:2: 2601 daAuts
Vaults:2: 2554 daAuts
   Orc:2: 2490 daAuts
  Lair:1: 2456 daAuts
Vaults:3: 2423 daAuts
Depths:4: 2412 daAuts
